 Dungeon Crawl Stone Soup version 0.27-a0-249-g74f53ef629 (webtiles) character file.

Game seed: 477384740183046460

4627 kae the Grappler (level 10, -2/83 HPs)
             Began as a Yellow Draconian Transmuter on Feb 3, 2021.
             Was a Believer of Ru.
             Slain by an orc warrior
             ... wielding a +0 trident
              (24 damage)
             ... in a bailey on Feb 4, 2021.
             The game lasted 00:10:34 (15746 turns).

kae the Grappler (Yellow Draconian Transmuter)     Turns: 15746, Time: 00:10:34

Health: -2/83      AC:  8    Str: 15    XL:     10   Next: 19%
Magic:  14/18      EV: 15    Int: 13    God:    Ru [**....]
Gold:   436        SH:  0    Dex: 13    Spells: 7/20 levels left

rFire    . . .     SeeInvis .     - Unarmed
rCold    + . .     Faith    .   (shield currently unavailable)
rNeg     . . .     Spirit   .   (armour unavailable)
rPois    .         Reflect  .   (helmet restricted)
rElec    .         Harm     .   (no cloak)
rCorr    +         Rampage  .   (gloves currently unavailable)
Will     .....                  r - +0 pair of boots
Stlth    ..........             (no amulet)
HPRegen  0.23/turn              (no ring)
MPRegen  0.16/turn              k - ring of protection from cold

@: blade hands (expiring), no potions
A: spit acid, unfitting armour, cold-blooded, inability to drink while
threatened, no stealth, acid resistance, AC +7
a: Breathe Acid, End Transformation, Renounce Religion


You were in a bailey.
You worshipped Ru.
Ru was pleased with you.
You had blades for hands.
You visited 2 branches of the dungeon, and saw 9 of its levels.
You also visited: Bailey.

You collected 436 gold pieces.

Inventory:

Armour
 q - a +0 pair of gloves (melded)
 r - a +0 pair of boots (worn)
Jewellery
 k - a ring of protection from cold (right scythe-like blade)
Wands
 l - a wand of paralysis (7)
 s - a wand of iceblast (12)
 u - a wand of mindburst (21)
Scrolls
 e - 3 scrolls of fog
 f - 5 scrolls of remove curse
 h - 7 scrolls of teleportation
 m - 2 scrolls of identify
 o - a scroll of enchant armour
 w - a scroll of amnesia
 A - a scroll of blinking
Potions
 a - 3 potions of haste
 b - 3 potions of mutation
 c - 2 potions of cancellation
 d - 5 potions of curing
 g - 2 potions of might
 n - 3 potions of brilliance
 t - a potion of heal wounds


   Skills:
 + Level 6.0 Fighting
 + Level 5.3 Dodging
 * Level 8.5 Unarmed Combat
 + Level 5.7 Spellcasting
 + Level 5.9 Transmutations
 - Level 5.0 Ice Magic
 - Level 2.0 Poison Magic
 * Level 1.6 Evocations


You had 7 spell levels left.
You knew the following spells:

 Your Spells              Type           Power        Failure   Level
a - Beastly Appendage     Tmut           38%          19%         1
b - Spider Form           Tmut/Pois      6%           47%         3
c - Ice Form              Ice/Tmut       17%          61%         4
d - Blade Hands           Tmut           9%           82%         5

Your spell library contained the following spells:

 Spells                   Type           Power        Failure   Level
 Wereblood                Tmut           19%          22%         2
 Sting                    Tmut/Pois      52%          28%         1
 Poisonous Vapours        Pois/Air       12%          58%         2
 Ignite Poison            Fire/Tmut/Pois 10%          61%         3
 Mephitic Cloud           Conj/Pois/Air  5%           78%         3
 Conjure Flame            Conj/Fire      3%           85%         3
 Olgreb's Toxic Radiance  Pois           8%           91%         4
 Freezing Cloud           Conj/Ice/Air   4%           100%        6


Dungeon Overview and Level Annotations

Branches:
Dungeon (8/15)             Temple (1/1) D:5          Bailey (1/1)
   Lair: D:8-11

Altars:
Ashenzari
Cheibriados
Dithmenos
Elyvilon
Fedhas
Gozag
Hepliaklqana
Kikubaaqudgha
Makhleb
Nemelex Xobeh
Okawaru
Qazlal
Ru
Sif Muna
Trog
Uskayaw
Vehumet
Wu Jian
Xom
Yredelemnul
Zin
The Shining One


Innate Abilities, Weirdness & Mutations

You can spit globs of acid.
Your golden yellow scales are hard. (AC +7)
You cannot fit into any form of body armour.
You are cold-blooded and may be slowed by cold attacks.
You cannot drink potions while threatened.
You cannot be stealthy.
You are resistant to acid. (rCorr)


Message History

The orc warrior hits you from afar with a +0 glaive.
Found a scroll labelled JITWOTT DEIH and a shiny ring mail.
Found a roughly hewn altar of Beogh.
The orc warrior misses you.
The orc knight hits you with a +0 halberd!!
The orc warrior barely misses you. The orc warrior closely misses you.
There is an open door, spattered with blood here.
You slice the orc knight!!
You tail-slap the orc knight, but do no damage.
The orc knight is moderately wounded.
The orc warrior hits you with a +0 trident!
You feel threatened and lose the ability to drink potions!
The orc knight hits you with a +0 halberd.
The orc warrior hits you from afar with a +0 halberd!
You slice the orc knight!!
The orc knight is severely wounded.
The orc warrior hits you with a +0 glaive!
* * * LOW HITPOINT WARNING * * *
The orc warrior hits you with a +0 trident!!
You die...

..≈##.##≈...............≈##.##≈..
..≈..^..≈...............≈..^..≈..
..≈##.∩#≈...............≈#∩.##≈..
..≈≈#.#.≈....#######....≈.#.#≈≈..
...≈≈≈≈≈.....##....##....≈≈≈≈≈...
.............##.....##...........
.............##'''#..##..........
.........##..##∩.∩##..#..........
.........##.####@####.##.........
.........##.')#ooo#)'.##.........
.........##.###.o.###.##.........
.........##.')#[.?#)'.##.........
.........##.#########.##.........
..........#..##)#)##..#..........
..........##..#'#'#..##..........
...........##.......##...........
...≈≈≈≈≈....#########....≈≈≈≈≈...


You could see an orc knight and 3 orc warriors.

Vanquished Creatures
  Pikel (D:6)
  Maggie (D:5)
  An ice beast (D:5)
  10 orc warriors
  A sky beast (D:6)
  An eye of draining (D:8)
  6 ogres
  2 centaurs
  A big kobold (D:8)
  2 lemures (D:6)
  2 bullfrogs
  A wyvern skeleton (D:8)
  A water moccasin skeleton (D:8)
  3 scorpions
  8 wights (D:6)
  A howler monkey (D:8)
  A bullfrog zombie (D:6)
  2 centaur zombies
  A hound (D:4)
  A jelly (D:5)
  2 bullfrog skeletons
  3 orc priests
  5 iguanas
  9 orc wizards
  8 worker ants
  A killer bee zombie (D:8)
  A hound skeleton (D:5)
  A worker ant zombie (D:8)
  A howler monkey zombie (D:7)
  7 adders
  A shadow imp (D:7)
  2 white imps
  An ufetubus (D:4)
  2 oozes
  5 worms (D:3)
  4 dart slugs
  5 leopard geckos
  39 orcs
  7 giant cockroaches
  10 goblins
  13 hobgoblins
  12 jackals
  6 quokkas
  2 ball pythons
  12 bats
  A frilled lizard (D:4)
  A jackal skeleton (D:8)
  14 kobolds
  A leopard gecko zombie (D:5)
  6 rats
229 creatures vanquished.

Vanquished Creatures (collateral kills)
  An orc (Bailey)
1 creature vanquished.

Grand Total: 230 creatures vanquished

Notes
Turn   | Place    | Note
-------+----------+-------------------------------------------
     0 | D:1      | kae the Draconian Transmuter began the quest for the Orb.
     0 | D:1      | Reached XP level 1. HP: 16/16 MP: 3/3
   131 | D:1      | Reached XP level 2. HP: 23/23 MP: 3/5
  1066 | D:2      | Reached XP level 3. HP: 28/28 MP: 6/6
  1111 | D:2      | Noticed an ogre
  1121 | D:2      | Killed an ogre
  1122 | D:2      | Reached skill level 4 in Unarmed Combat
  1122 | D:2      | Reached XP level 4. HP: 31/36 MP: 7/7
  1126 | D:2      | Learned a level 3 spell: Spider Form
  1559 | D:2      | Reached XP level 5. HP: 31/41 MP: 6/8
  2349 | D:2      | Found an ancient bone altar of Kikubaaqudgha.
  3531 | D:3      | Reached skill level 1 in Poison Magic
  4099 | D:3      | Noticed an orc warrior
  4136 | D:2      | Killed an orc warrior
  4137 | D:2      | Reached XP level 6. HP: 25/50 MP: 8/10
  4732 | D:3      | Learned a level 4 spell: Ice Form
  5174 | D:4      | Reached skill level 1 in Ice Magic
  5174 | D:4      | Your scales start taking on a golden yellow colour.
  5174 | D:4      | Reached XP level 7. HP: 57/57 MP: 8/11
  5174 | D:4      | Gained mutation: You are resistant to acid. (rCorr) [Yellow
                  | Draconian growth]
  5342 | D:4      | Reached skill level 5 in Unarmed Combat
  6031 | D:4      | Found a stormy altar of Qazlal.
  6543 | D:5      | Entered Level 5 of the Dungeon
  6803 | D:5      | Found a staircase to the Ecumenical Temple.
  6985 | Temple   | Entered the Ecumenical Temple
  7173 | Temple   | Became a worshipper of Ru the Awakened
  7816 | D:5      | Reached XP level 8. HP: 39/66 MP: 10/13
  8341 | D:5      | Found a staircase to the Ecumenical Temple.
  8922 | D:6      | Noticed Maggie
  8935 | D:5      | Killed Maggie
  8936 | D:5      | Reached skill level 6 in Unarmed Combat
 10119 | D:6      | Reached XP level 9. HP: 15/65 MP: 12/15
 10477 | D:6      | Gained mutation: You cannot be stealthy. [Ru sacrifice]
 10695 | D:6      | Noticed Pikel
 10723 | D:6      | Killed Pikel
 10724 | D:6      | Reached skill level 5 in Fighting
 10724 | D:6      | Reached skill level 7 in Unarmed Combat
 10724 | D:6      | Reached skill level 5 in Ice Magic
 10972 | D:6      | Reached skill level 5 in Transmutations
 11120 | D:7      | Reached skill level 5 in Spellcasting
 12531 | D:8      | Reached skill level 8 in Unarmed Combat
 12880 | D:8      | Reached skill level 5 in Dodging
 13149 | D:8      | Reached XP level 10. HP: 50/83 MP: 13/18
 13174 | D:8      | Found a flagged portal.
 13223 | Bailey   | Entered a bailey
 14954 | Bailey   | Reached skill level 1 in Evocations
 15366 | Bailey   | Gained mutation: You cannot drink potions while threatened.
                  | [Ru sacrifice]
 15366 | Bailey   | Reached * piety under Ru
 15366 | Bailey   | Reached ** piety under Ru
 15611 | Bailey   | Learned a level 5 spell: Blade Hands
 15743 | Bailey   | Found a roughly hewn altar of Beogh.
 15743 | Bailey   | Noticed an orc knight
 15746 | Bailey   | Slain by an orc warrior

Illustrated notes

Levels and vault maps discovered:
D:1:      co_arrival_square_in_a_square_in_a_square, layout_basic
D:2:      minmay_chambers_of_ones, layout_basic, lemuel_coloured_pillars_altar
D:3:      layout_loops_corners, minmay_vboxes
D:4:      layout_layer_cave, grunt_qazlal_sundering
D:5:      layout_rooms, temple_fountains
D:6:      layout_cave_pools, fountainhead, st_stairs_4, fountainhead,
          kennysheep_generic_room_4, uniq_maggie, uniq_pikel
D:7:      layout_loops_ring
D:8:      layout_loops_cross, lair_entry_dummy, enter_bailey_4, disabler_island
Temple:   kilobyte_greek_temple
Bailey:   bailey_polearm_2, bailey

Skill      XL: |  1  2  3  4  5  6  7  8  9 10 |
---------------+-------------------------------+-----
Dodging        | 2 3 4 5 |  5.3
Fighting       | 2 3 4 5 6 |  6.0
Unarmed Combat | 4 5 6 8 |  8.5
Poison Magic   | 1 2 |  2.0
Transmutations | 3 4 5 |  5.9
Spellcasting   | 3 4 5 |  5.7
Ice Magic      | 1 3 4 5 |  5.0
Evocations     | 1 |  1.6

Action                   |  1- 3 |  4- 6 |  7- 9 | 10-12 || total
-------------------------+-------+-------+-------+-------++-------
Melee: Unarmed           |    59 |   199 |   390 |    55 ||   703
       Kick              |    13 |    24 |       |       ||    37
       Tailslap          |     4 |    16 |     8 |     1 ||    29
       Headbutt          |     5 |     9 |     1 |       ||    15
       Punch             |     2 |     5 |     2 |       ||     9
 Cast: Beastly Appendage |    18 |    40 |     3 |       ||    61
       Spider Form       |       |     6 |    28 |       ||    34
       Ice Form          |       |       |    21 |    14 ||    35
       Blade Hands       |       |       |       |     1 ||     1
Invok: Sacrifice Stealth |       |       |     1 |       ||     1
       Sacrifice Drink   |       |       |       |     1 ||     1
Evoke: Wand              |       |       |       |     7 ||     7
  Use: Scroll            |       |     6 |    13 |       ||    19
       Potion            |       |       |     1 |     2 ||     3
 Stab: Sleeping          |       |     1 |       |       ||     1
       Invisible         |       |       |       |     2 ||     2
       Paralysed         |       |       |       |     2 ||     2
Armor: Skin              |    23 |    20 |    47 |    14 ||   104
Dodge: Dodged            |    39 |   148 |   329 |    63 ||   579

Table legend: (Time is in decaauts)
 A = Elapsed time spent in this place.
 B = Non-inter-level travel time spent in this place.
 C = Inter-level travel time spent in this place.
 D = Time resting spent in this place.
 E = Time spent auto-exploring this place.
 F = Levels seen in this place.
 G = Mean time per level.
                   A        B        C        D        E       F      G
               +--------+--------+--------+--------+--------+-----+--------+
         Total |  15673 |  15375 |    298 |   2317 |  11065 |  10 | 1567.3 |
       Dungeon |  12936 |  12669 |    267 |    679 |  10426 |   8 | 1617.0 |
        Temple |    220 |    189 |     31 |      0 |    177 |   1 |  220.0 |
        Bailey |   2516 |   2516 |      0 |   1638 |    462 |   1 | 2516.0 |
               +--------+--------+--------+--------+--------+-----+--------+

Top non-repeatable levels by time:
  Bailey: 2516 daAuts
     D:5: 2365 daAuts
     D:2: 2126 daAuts
     D:4: 1829 daAuts
     D:3: 1795 daAuts
     D:6: 1680 daAuts
     D:7: 1359 daAuts
     D:1: 1042 daAuts
     D:8: 736 daAuts
  Temple: 220 daAuts
